 Dungeon Sprint DCSS version 0.19.4-10-g532645f (webtiles) character file.

1015 equalderp2856 the Ripper (level 8, -11/41 (42) HPs)
             Began as a Felid Fighter on Feb 25, 2017.
             Was an Initiate of Gozag.
             Shot with an arrow by a deep elf master archer (26 damage)
             ... in the Dungeon (Sprint II: "The Violet Keep of Menkaure").
             The game lasted 00:04:52 (1266 turns).

equalderp2856 the Ripper (Felid Fighter)            Turns: 1266, Time: 00:04:53

HP:   -11/41 (42)   AC:  2    Str: 13    XL:     8   Next: 1%
MP:   9/9           EV: 29    Int: 10    God:    Gozag
Gold: 1797          SH:  0    Dex: 16    Spells: 0 memorised, 7 levels left
                                        Lives: 0   Deaths: 2

rFire  . . .     SeeInvis +       - Unarmed
rCold  . . .     Gourm    .     (armour unavailable)
rNeg   . . .     Faith    .     (shield unavailable)
rPois  .         Spirit   .     (helmet unavailable)
rElec  .         Reflect  .     (cloak unavailable)
rCorr  .         Harm     .     (gloves unavailable)
MR     +....     NoTele   +     (boots unavailable)
Stlth  +++.......               (no amulet)
                                (no ring)
                                (no ring)

@: lethally poisoned (-11 -> -30), gold aura, quick
A: no armour, no weapons or thrown items, stealth, claws 1, fangs 3, see
invisible, carnivore 3, speed 1, shaggy fur 2, slow metabolism 1, sharp paws
a: Potion Petition, Call Merchant, Bribe Branch, Renounce Religion


You were in the Dungeon.
You worshipped Gozag.
Gozag was most pleased with you.
You were not hungry.

You visited 1 branch You collected 1797 gold pieces.

Inventory:

Scrolls
 h - 3 scrolls of enchant weapon
 i - a scroll of identify
 l - 3 scrolls of remove curse {unknown}
 m - 3 scrolls of enchant armour
 n - a scroll of immolation {unknown}
 o - 2 scrolls of blinking
 r - a scroll of magic mapping {unknown}
Potions
 c - 2 potions of resistance
 d - 3 potions of flight
 e - 3 potions of haste
 f - 5 potions of magic
 g - a potion of berserk rage
 j - a potion of degeneration {unknown}
 k - 2 potions of lignification {unknown}
 s - a potion of curing
 t - 2 potions of brilliance {unknown}
Comestibles
 b - 3 meat rations
 p - a beef jerky


   Skills:
 + Level 9.2 Fighting
 + Level 13.1 Dodging
 + Level 4.8 Stealth
 + Level 16.2 Unarmed Combat


You had 7 spell levels left.
You didn't know any spells.

Dungeon Overview and Level Annotations

Branches:
Dungeon (1/1)

Altars:
Cheibriados
Dithmenos
Elyvilon
Fedhas
Gozag
Hepliaklqana
Kikubaaqudgha
Makhleb
Nemelex Xobeh
Okawaru
Qazlal
Ru
Sif Muna
Trog
Uskayaw
Vehumet
Xom
Yredelemnul
Zin
The Shining One
Beogh
Jiyva
Lugonu

Annotations:
D Roxanne


Innate Abilities, Weirdness & Mutations

You cannot wear armour.
You are incapable of wielding weapons or throwing items.
Your paws allow you to move quietly. (Stealth)
You have sharp claws.
You have razor-sharp teeth.
You have supernaturally acute eyesight. (SInv)
You are carnivorous and can eat meat at any time.
You cover ground quickly.
You are covered in thick fur. (AC +2)
You have a slow metabolism.
Your sharp claws are effective at attacking unaware monsters.


Message History

You scratch the death drake.
The death drake is heavily wounded.
You feel sick. The death drake completely misses you.
You claw the death drake!
The death drake is severely wounded.
You feel sick.
The death drake is distracted by the nearby gold.
The death drake hisses angrily.
You scratch the death drake.
The death drake is no longer distracted by gold.
You bite the death drake, but do no damage.
The death drake is severely wounded.
You feel sick.
The deep elf master archer shouts!
The deep elf master archer wields a longbow.
The deep elf master archer shoots an arrow.
The arrow hits you!!
Ouch! That really hurt!
You die...
Your body crumbles into a pile of gold.

$ $ $ $ $$ $ $ ▓▓▓ $$ ..▓ $ $
▓▓+▓▓▓▓.▓$ ##++## +§§.▓0..▓$
##≈...### #.§§▓▓▓▓▓▓▓ #e§.....#
#§..▓≈≈≈≈≈≈ ####@...#
##|§▓▓▓▓▓▓▓ .. #.E'k...#
.#}}▓.[.... ##+##..#%?####^#
k#)|▓[...). ##...##.####
+§##k#:=▓...%.) #..#..# ...#
$#§§k####▓.[([..
####.#.####..#####§§# .#▓%)..(.
##.###'###.##..#$.'..# .#▓.%.[..
#...##.##†.##..#.$#..# h#▓[).([.
+.#)'.<.'##.'..####..##.#▓...)..


You could see an iron elemental, a death drake and a deep elf master archer.

Vanquished Creatures
  A hell hog (D)
  A siren (D)
  A yaktaur (D)
  A hornet (D)
  A polar bear (D)
  2 hippogriffs (D)
  4 necrophages (D)
  2 crocodiles (D)
  4 worker ants (D)
17 creatures vanquished.

Vanquished Creatures (others)
  A hell hog (D)
  Menkaure (D)
  2 swamp drakes (D)
  A crocodile (D)
  8 tentacles (D)
13 creatures vanquished.

Grand Total: 30 creatures vanquished

Notes
Turn   | Place    | Note
-------+----------+-------------------------------------------
     0 | D        | equalderp2856 the Felid Fighter began the quest for the Orb.
     0 | D        | Reached XP level 1. HP: 10/10 MP: 2/2
     1 | D        | Noticed a necrophage
     1 | D        | Noticed a necrophage
     1 | D        | Noticed a necrophage
     1 | D        | Noticed a necrophage
    14 | D        | Killed a necrophage
    14 | D        | Reached skill level 5 in Dodging
    14 | D        | Reached skill level 7 in Unarmed Combat
    14 | D        | Reached XP level 2. HP: 8/15 MP: 3/3
    14 | D        | Reached XP level 3. HP: 10/19 MP: 4/4
    14 | D        | Reached XP level 4. HP: 11/22 MP: 5/5
    20 | D        | Killed a crocodile
    27 | D        | Killed a necrophage
    27 | D        | Reached skill level 5 in Fighting
    27 | D        | Reached skill level 9 in Unarmed Combat
    27 | D        | Reached XP level 5. HP: 16/27 MP: 6/6
    33 | D        | Killed a necrophage
    33 | D        | Reached skill level 10 in Unarmed Combat
    40 | D        | Killed a necrophage
    40 | D        | Reached skill level 11 in Unarmed Combat
    40 | D        | Gained mutation: You are covered in thick fur. (AC +2) [Felid growth]
    40 | D        | Reached XP level 6. HP: 9/31 MP: 7/7
   495 | D        | Killed Menkaure
   512 | D        | Noticed a hippogriff
   512 | D        | Noticed a hippogriff
   521 | D        | Killed a hippogriff
   521 | D        | Reached skill level 12 in Unarmed Combat
   521 | D        | Reached XP level 7. HP: 8/36 MP: 8/8
   763 | D        | Killed a hippogriff
   763 | D        | Reached skill level 10 in Dodging
   763 | D        | Reached skill level 1 in Stealth
   763 | D        | Reached skill level 13 in Unarmed Combat
   824 | D        | Noticed a siren
   830 | D        | Killed a siren
   830 | D        | Reached XP level 8. HP: 40/40 MP: 9/9
   858 | D        | Found a snail-covered altar of Cheibriados.
   859 | D        | Found a shadowy altar of Dithmenos.
   860 | D        | Found a white marble altar of Elyvilon.
   860 | D        | Found an ancient bone altar of Kikubaaqudgha.
   860 | D        | Found a roughly hewn altar of Beogh.
   860 | D        | Found a viscous altar of Jiyva.
   861 | D        | Found a blossoming altar of Fedhas.
   861 | D        | Found a corrupted altar of Lugonu.
   861 | D        | Found a deep blue altar of Sif Muna.
   862 | D        | Found an opulent altar of Gozag.
   862 | D        | Found a burning altar of Makhleb.
   862 | D        | Found a bloodstained altar of Trog.
   863 | D        | Found a sparkling altar of Nemelex Xobeh.
   863 | D        | Found a hide-covered altar of Uskayaw.
   863 | D        | Found a glowing silver altar of Zin.
   864 | D        | Found an iron altar of Okawaru.
   864 | D        | Found a radiant altar of Vehumet.
   864 | D        | Found a glowing golden altar of the Shining One.
   864 | D        | Found a hazy altar of Hepliaklqana.
   864 | D        | Found a sacrificial altar of Ru.
   864 | D        | Found a basalt altar of Yredelemnul.
   864 | D        | Noticed a hornet
   864 | D        | Noticed a polar bear
   865 | D        | Noticed a polar bear
   865 | D        | Found a stormy altar of Qazlal.
   865 | D        | Found a shimmering altar of Xom.
   865 | D        | Noticed a yaktaur
   868 | D        | Noticed a polar bear
   882 | D        | Became a worshipper of Gozag Ym Sagoz the Greedy
   890 | D        | Noticed Roxanne
   899 | D        | Killed a hornet
   899 | D        | Reached skill level 14 in Unarmed Combat
   901 | D        | Noticed a hell hog
   901 | D        | Noticed a hell hog
   901 | D        | Killed from afar by a hell hog
   902 | D        | Reached XP level 7. HP: -1/37 MP: 8/8
   911 | D        | Noticed a kraken
   997 | D        | Killed a hell hog
  1040 | D        | Killed a hell hog
  1040 | D        | Reached skill level 15 in Unarmed Combat
  1040 | D        | Reached XP level 8. HP: 23/42 MP: 9/9
  1049 | D        | Killed a polar bear
  1053 | D        | Killed a yaktaur
  1053 | D        | Reached skill level 16 in Unarmed Combat
  1239 | D        | Noticed a death drake
  1242 | D        | Noticed a death drake
  1245 | D        | Noticed a crystal guardian
  1252 | D        | Killed from afar by a death drake
  1253 | D        | Reached XP level 7. HP: -10/35 MP: 8/8
  1253 | D        | Reached XP level 8. HP: 42/42 MP: 9/9
  1254 | D        | Noticed an iron elemental
  1261 | D        | Noticed a deep elf master archer
  1266 | D        | Shot with an arrow by a deep elf master archer

Skill      XL: |  1  2  3  4  5  6  7  8 |
---------------+-------------------------+-----
Fighting       | 4 5 6 7 8 9 |  9.2
Dodging        | 5 7 8 9 12 13 | 13.1
Unarmed Combat | 7 9 11 12 15 16 | 16.2
Stealth        | 3 4 |  4.8

Action                   |  1- 3 |  4- 6 |  7- 9 || total
-------------------------+-------+-------+-------++-------
Melee: Unarmed           |    12 |    47 |    49 ||   108
       Punch             |     1 |     1 |     2 ||     4
       Bite              |       |     5 |    11 ||    16
  Use: Potion            |       |     1 |     4 ||     5
       Scroll            |       |       |     5 ||     5
Armor: Skin              |       |     3 |     3 ||     6
Dodge: Dodged            |     8 |    32 |    35 ||    75
